 Dungeon Crawl Stone Soup version 0.23.2-1-ga50397a6bc (webtiles) character file.

Game seed: 7988940558894642089

36 Jannitor the Vexing (level 3, 0/24 HPs)
             Began as a Demonspawn Enchanter on May 1, 2019.
             Shot with a stone by a goblin (7 damage)
             ... led by Robin
             ... on level 2 of the Dungeon.
             The game lasted 00:02:00 (2415 turns).

Jannitor the Vexing (Demonspawn Enchanter)          Turns: 2415, Time: 00:02:01

Health: 0/24       AC:  4    Str:  8    XL:     3   Next: 19%
Magic:  2/6        EV: 12    Int: 17    God:
Gold:   78         SH:  0    Dex: 13    Spells: 3/6 levels left

rFire    . . .     SeeInvis .   a - +1 dagger
rCold    + + .     Gourm    .   (no shield)
rNeg     . . .     Faith    .   b - +0 robe
rPois    .         Spirit   .   (no helmet)
rElec    .         Reflect  .   o - +0 cloak
rCorr    .         Harm     .   (no gloves)
MR       .....     Clarity  +   m - +0 pair of boots
Stlth    ++........             (no amulet)
HPRegen  0.08/turn              (no ring)
MPRegen  0.10/turn              (no ring)

@: very slightly contaminated
A: clarity, cold resistance 2
a: no special abilities


You were on level 2 of the Dungeon.
You were not hungry.

You visited 1 branch of the dungeon, and saw 2 of its levels.

You collected 78 gold pieces.

Inventory:

Hand Weapons
 a - a +1 dagger (weapon)
Armour
 b - a +0 robe (worn)
 m - a +0 pair of boots (worn)
 o - a +0 cloak (worn)
Jewellery
 g - an uncursed ring of flight {unknown}
Scrolls
 c - a scroll of noise {unknown}
 e - a scroll of enchant weapon {unknown}
 h - 2 scrolls of teleportation {unknown}
 i - a scroll of blinking {unknown}
 k - 3 scrolls of identify {unknown}
 l - 2 scrolls of amnesia {unknown}
Comestibles
 d - 3 rations
 n - 4 chunks of flesh


   Skills:
 + Level 1.4 Short Blades
 + Level 2.1 Dodging
 + Level 3.0 Stealth
 + Level 2.3 Spellcasting
 + Level 3.3 Hexes


You had 3 spell levels left.
You knew the following spells:

 Your Spells              Type           Power        Failure   Level  Hunger
a - Corona                Hex            ##.....      4%          1    #......
b - Ensorcelled Hibernat  Hex/Ice        #.....       14%         2    ###....

Your spell library contained the following spells:

 Spells                   Type           Power        Failure   Level  Hunger
 Confuse                  Hex            ##......     14%         3    ###....
 Tukima's Dance           Hex            ##......     14%         3    ###....
 Dazzling Spray           Conj/Hex       #.....       28%         3    ###....


Dungeon Overview and Level Annotations

Branches:
Dungeon (2/15)

Altars:
Ru
Trog


Innate Abilities, Weirdness & Mutations

Your flesh is very cold resistant. (rC++)
You possess an exceptional clarity of mind.


Message History

Aiming: Ensorcelled Hibernation (safe; 14% risk of failure)
Press: ? - help, Shift-Dir - straight line, f - hobgoblin
Aim: a hobgoblin (chance to defeat MR: 56%)
You miscast Ensorcelled Hibernation.
You are very lightly contaminated with residual magic.
Nothing appears to happen.
The hobgoblin hits you.
The goblin shoots a stone.
The stone misses you.
Casting: Ensorcelled Hibernation (safe; 14% risk of failure)
Confirm with . or Enter, or press ? or * to list all spells.
Aiming: Ensorcelled Hibernation (safe; 14% risk of failure)
Press: ? - help, Shift-Dir - straight line, f/p - hobgoblin
Aim: a hobgoblin (chance to defeat MR: 56%)
The hobgoblin looks drowsy...
The helpless hobgoblin fails to defend itself.
You puncture the hobgoblin!
You kill the hobgoblin!
The goblin shoots a stone.
The stone hits you.
* * * LOW HITPOINT WARNING * * *
The goblin shoots a stone.
The stone hits you!
You die...

####### #^#####+#
#.?%...$# #..._...#
#.....# ###...##
############.##.######
.......รท........@((..#
############..######..gg#
)...# #..<# ##g#
###.##### ##..# ..#.#...#
#..### #.#.#.#.## #....#
#.#.#.#..# ###..#
......##.######..##
#.#.#.............##


You could see 3 goblins.

Vanquished Creatures
  A worm (D:2)
  A dart slug (D:2)
  5 bats (D:2)
  4 goblins
  5 hobgoblins
  2 frilled lizards (D:2)
  4 kobolds (D:1)
  7 rats
29 creatures vanquished.

Vanquished Creatures (others)
  An orc (D:2)
1 creature vanquished.

Grand Total: 30 creatures vanquished

Notes
Turn   | Place    | Note
-------+----------+-------------------------------------------
     0 | D:1      | Jannitor the Demonspawn Enchanter began the quest for the
                  | Orb.
     0 | D:1      | Reached XP level 1. HP: 13/13 MP: 3/3
   312 | D:1      | Reached skill level 1 in Short Blades
   779 | D:1      | You fall through a shaft!
   787 | D:2      | Gained mutation: Your flesh is cold resistant. (rC+)
                  | [demonic ancestry]
   787 | D:2      | Reached XP level 2. HP: 19/19 MP: 5/5
  1329 | D:1      | Learned a level 2 spell: Ensorcelled Hibernation
  1686 | D:2      | Found a sacrificial altar of Ru.
  2232 | D:2      | Reached XP level 3. HP: 24/24 MP: 3/6
  2389 | D:2      | Found a bloodstained altar of Trog.
  2410 | D:2      | Gained mutation: Your flesh is very cold resistant. (rC++)
                  | [potion of mutation]
  2410 | D:2      | Gained mutation: You possess an exceptional clarity of
                  | mind. [potion of mutation]
  2415 | D:2      | Shot with a stone by a goblin

Skill      XL: |  1  2 |
---------------+-------+-----
Short Blades   | 1 |  1.4
Dodging        | 2 |  2.1
Stealth        | 3 |  3.0
Spellcasting   | |  2.3
Hexes          | |  3.3

Action                   || total
-------------------------++-------
Melee: Dagger            ||   101
 Cast: Corona            ||     2
       Ensorcelled Hiber ||     5
  Use: Potion            ||     2
 Stab: Sleeping          ||     7
  Eat: Chunk             ||     5
Armor: Robe              ||    20
Dodge: Dodged            ||    51
